cohdb
Replays
Latest Replays
All Replays
Popular Replays
Top Player Replays
Match Explorer
How It Works
Community
CoH3 Stats
Reddit
Sign in to upload your games and track your stats! →
Sign in with Steam
Match 43083330
Unlisted
Match 43083330
Overview
Messages
Build Orders
End
Construct Section Command Post
Selects Australian Defense Battlegroup
Selects Australian Light Infantry Section
Australian Light Infantry Section
Infantry Section
ML 3-inch Mortar Team
Selects Defensive Tactics
Australian Light Infantry Section
Construct Platoon Command Post
6-pounder Anti-tank Gun Team
Australian Light Infantry Section
CMP 15cwt Truck
Fox Trap
Scooby
DOL
kyoung5gi
m0rtie
ManFrau
Quasi saur
radiation
0
0
Comments
sign in to comment!
No comments posted yet!